 Dungeon Crawl Stone Soup version 0.30-a0-782-ge64f9170bb (webtiles) character file.

Game seed: 15197763614633504483

137 epen the Shooter (level 5, -1/41 HPs)
             Began as a Gnoll Wanderer on Feb 19, 2023.
             Slain by a gnoll
             ... wielding a +1 heavy halberd
              (15 damage)
             ... on level 2 of the Dungeon.
             The game lasted 00:01:38 (1268 turns).

epen the Shooter (Gnoll Wanderer)                   Turns: 1268, Time: 00:01:39

Health: -1/41      AC:  3    Str:  9    XL:     5   Next: 20%
Magic:  9/9        EV: 13    Int: 11    God:
Gold:   95         SH:  0    Dex: 16    Spells: 10/10 levels left

rFire   . . .      SeeInvis +    a - +3 sling
rCold   . . .      Faith    .    (no shield)
rNeg    . . .      Spirit   .    c - +0 robe
rPois   .          Reflect  .    i - +0 helmet
rElec   .          Harm     .    (no cloak)
rCorr   .          Rampage  .    (no gloves)
Will    .....                    (no boots)
Stlth   ++                       (no amulet)
HPRegen 0.26/turn                g - ring of see invisible
MPRegen 0.11/turn                (no ring)

@: flying
A: fangs 1, strong nose, distributed training
a: no special abilities


You were on level 2 of the Dungeon.
You visited 1 branch of the dungeon, and saw 2 of its levels.

You collected 95 gold pieces.

Inventory:

Hand Weapons
 a - a +3 sling (weapon)
Armour
 c - a +0 robe (worn)
 i - a +0 helmet (worn)
Jewellery
 g - a ring of see invisible (left hand)
Scrolls
 b - 2 scrolls of teleportation
 d - a scroll of poison {unknown}
 e - a scroll of immolation {unknown}
 f - a scroll of amnesia {unknown}
 j - 2 scrolls of identify {unknown}
Potions
 l - a potion of attraction {unknown}


   Skills:
 + Level 3.0 Fighting
 + Level 1.4 Short Blades
 + Level 1.4 Long Blades
 + Level 1.4 Axes
 + Level 1.4 Maces & Flails
 + Level 1.4 Polearms
 + Level 1.4 Staves
 + Level 6.7 Ranged Weapons
 + Level 1.4 Throwing
 + Level 1.4 Armour
 + Level 3.0 Dodging
 + Level 1.4 Stealth
 + Level 1.4 Shields
 + Level 1.4 Unarmed Combat
 + Level 3.1 Spellcasting
 + Level 1.1 Conjurations
 + Level 1.1 Hexes
 + Level 1.1 Summonings
 + Level 3.9 Necromancy
 + Level 1.1 Translocations
 + Level 1.1 Transmutations
 + Level 1.1 Fire Magic
 + Level 1.1 Ice Magic
 + Level 1.1 Air Magic
 + Level 1.1 Earth Magic
 + Level 1.1 Poison Magic
 + Level 3.0 Invocations
 + Level 3.0 Evocations


You had 10 spell levels left.
You didn't know any spells.
Your spell library contained the following spells:

 Spells                   Type           Power      Damage    Failure   Level
 Sublimation of Blood     Necr           10%        N/A       8%          2
 Cigotuvi's Dreadful Rot  Necr/Pois/Air  12%        N/A       17%         2
 Tukima's Dance           Hex            4%         N/A       43%         3
 Passage of Golubria      Tloc           4%         N/A       85%         4
 Yara's Violent Unravell  Hex/Tmut       2%         3d3       99%         5


Dungeon Overview and Level Annotations

Branches:
Dungeon (2/15)

Altars:


Innate Abilities, Weirdness & Mutations

You have very sharp teeth.
Your uncanny sense of smell can sniff out nearby items.
Your experience applies equally to all skills.


Message History

The sling bullet closely misses the gnoll.
The sling bullet hits the gnoll.
The gnoll is moderately wounded.
The gnoll hits you but does no damage.
You shoot a sling bullet.
The sling bullet barely misses the gnoll.
The sling bullet hits the gnoll.
The gnoll is heavily wounded.
The gnoll hits you from afar with a +0 halberd!
You shoot a sling bullet.
The sling bullet barely misses the gnoll.
The sling bullet hits the gnoll!
You kill the gnoll!
The gnoll hits you from afar with a +0 halberd!
You are too injured to fight recklessly!
You are too injured to fight recklessly!
Fire: a) +3 sling
Press: ? - help, Shift-Dir - straight line, f/p - gnoll
Aim: a gnoll, wielding a +0 halberd (heavily wounded, 69% to hit)
You shoot a sling bullet. The sling bullet hits the gnoll.
The gnoll is almost dead.
The gnoll hits you from afar with a +0 halberd!
* * * LOW HITPOINT WARNING * * *
Fire: a) +3 sling
Press: ? - help, Shift-Dir - straight line, f/p - gnoll
Aim: a gnoll, wielding a +0 halberd (almost dead, 69% to hit)
You shoot a sling bullet. The sling bullet hits the gnoll.
You kill the gnoll!
Your Fighting skill increases to level 3!
Your Dodging skill increases to level 3!
Your Evocations skill increases to level 3!
It was a potion of curing.
You feel better.
The gnoll hits you from afar with a +1 heavy halberd!
* * * LOW HITPOINT WARNING * * *
You feel better.
It was a potion of flight.
You feel very buoyant.
You fly up into the air.
The gnoll hits you from afar with a +1 heavy halberd!
You die...

#.# ### ##...##########.#
#.#####.## #...............#
#........####....###########
#####.#..........#
##.#.#####.### ##.## #.# ###
#.# #.# #@# #.# #g# #)#
#.####### ##.)....^.
##...###### #..#..#
.....g.###.#


You could see a gnoll.

Vanquished Creatures
  Natasha (D:2)
  6 gnolls (D:2)
  An adder (D:2)
  3 dart slugs (D:1)
  3 ball pythons
  3 endoplasms
  3 giant cockroaches
  4 goblins
  3 hobgoblins (D:1)
  2 quokkas (D:1)
  6 frilled lizards
  5 kobolds
  3 rats (D:1)
43 creatures vanquished.

Notes
Turn   | Place    | Note
-------+----------+-------------------------------------------
     0 | D:1      | epen the Gnoll Wanderer began the quest for the Orb.
     0 | D:1      | epen set off with the following items: a +3 sling, a scroll
                  | of teleportation, a +0 robe; and the following spells
                  | available to memorise: Sublimation of Blood, Cigotuvi's
                  | Dreadful Rot.
     0 | D:1      | Reached XP level 1. HP: 17/17 MP: 4/4
    99 | D:1      | Reached XP level 2. HP: 23/23 MP: 5/5
   204 | D:1      | Reached XP level 3. HP: 28/28 MP: 7/7
   563 | D:2      | Reached skill level 1 in Short Blades
   563 | D:2      | Reached skill level 1 in Long Blades
   563 | D:2      | Reached skill level 1 in Axes
   563 | D:2      | Reached skill level 1 in Maces & Flails
   563 | D:2      | Reached skill level 1 in Polearms
   563 | D:2      | Reached skill level 1 in Staves
   563 | D:2      | Reached skill level 1 in Throwing
   563 | D:2      | Reached skill level 1 in Armour
   563 | D:2      | Reached skill level 1 in Stealth
   563 | D:2      | Reached skill level 1 in Shields
   563 | D:2      | Reached skill level 1 in Unarmed Combat
   569 | D:2      | Reached XP level 4. HP: 6/34 MP: 8/8
   842 | D:2      | Reached skill level 1 in Conjurations
   842 | D:2      | Reached skill level 1 in Hexes
   842 | D:2      | Reached skill level 1 in Summonings
   842 | D:2      | Reached skill level 1 in Translocations
   842 | D:2      | Reached skill level 1 in Transmutations
   842 | D:2      | Reached skill level 1 in Fire Magic
   842 | D:2      | Reached skill level 1 in Ice Magic
   842 | D:2      | Reached skill level 1 in Air Magic
   842 | D:2      | Reached skill level 1 in Earth Magic
   842 | D:2      | Reached skill level 1 in Poison Magic
   974 | D:2      | Noticed Natasha
   980 | D:2      | Killed Natasha
  1260 | D:2      | Reached XP level 5. HP: 40/40 MP: 9/9
  1268 | D:2      | Slain by a gnoll

Illustrated notes

Levels and vault maps discovered:
D:1:      wander_arrival_estate, layout_rooms
D:2:      layout_loops_corners, nicolae_wormholes, uniq_natasha

Skill      XL: |  1  2  3  4  5 |
---------------+----------------+-----
Short Blades   | 1 |  1.4
Long Blades    | 1 |  1.4
Axes           | 1 |  1.4
Maces & Flails | 1 |  1.4
Polearms       | 1 |  1.4
Staves         | 1 |  1.4
Throwing       | 1 |  1.4
Armour         | 1 |  1.4
Stealth        | 1 |  1.4
Shields        | 1 |  1.4
Unarmed Combat | 1 |  1.4
Spellcasting   | 3 |  3.1
Conjurations   | 1 |  1.1
Hexes          | 1 |  1.1
Summonings     | 1 |  1.1
Translocations | 1 |  1.1
Transmutations | 1 |  1.1
Fire Magic     | 1 |  1.1
Ice Magic      | 1 |  1.1
Air Magic      | 1 |  1.1
Earth Magic    | 1 |  1.1
Poison Magic   | 1 |  1.1
Invocations    | 3 |  3.0
Fighting       | 3 |  3.0
Dodging        | 3 |  3.0
Evocations     | 3 |  3.0
Ranged Weapons | |  6.7
Necromancy     | |  3.9

Action                     |  1- 3 |  4- 6 || total
---------------------------+-------+-------++-------
   Fire: Sling             |    66 |    40 ||   106
    Use: Potion            |       |     3 ||     3
 Armour: Robe              |     2 |     4 ||     6
  Dodge: Dodged            |     3 |     5 ||     8

Table legend: (Time is in decaauts)
 A = Elapsed time spent in this place.
 B = Non-inter-level travel time spent in this place.
 C = Inter-level travel time spent in this place.
 D = Time resting spent in this place.
 E = Time spent auto-exploring this place.
 F = Levels seen in this place.
 G = Mean time per level.
                   A        B        C        D        E       F      G
               +--------+--------+--------+--------+--------+-----+--------+
         Total |   1275 |   1253 |     22 |    111 |    932 |   2 |  637.5 |
       Dungeon |   1275 |   1253 |     22 |    111 |    932 |   2 |  637.5 |
               +--------+--------+--------+--------+--------+-----+--------+

Top non-repeatable levels by time:
     D:2: 759 daAuts
     D:1: 515 daAuts
